Map: Eternal Empire LE

Players

CommanderChp

  • Race: Protoss Protoss
  • League: Gold
  • Spawn Location: 1:00

ViBE - Winner!

  • Race: Protoss Protoss
  • League: Silver
  • Spawn Location: 7:00

VOD

Have the link to the VOD?

Description

Time

  • Played on: Dec. 6, 2019, 6:11 p.m.
  • Length: 29:21
Show
View Real Time Build Order
Export as new Build Order

CommanderChp Protoss 

Build Orders:  

Get SALT Encoding   

  12  0:09  Pylon  
  12  0:13  Probe (Chrono Boost)  
  13  0:23  Probe (Chrono Boost)  
  14  0:32  Gateway  
  14  0:42  Probe  
  15  0:54  Probe  
  16  0:57  Assimilator  
  16  1:06  Probe  
  18  1:18  Probe (Chrono Boost)  
  18  1:21  Cybernetics Core  
  18  1:24  Pylon  
  18  1:30  Probe (Chrono Boost)  
  19  1:37  Probe (Chrono Boost)  
  20  1:44  Probe  
  21  1:54  Nexus  
  21  1:56  Warp Gate (Chrono Boost)  
  21  2:02  Probe  
  22  2:10  Assimilator  
  22  2:17  Stalker  
  24  2:28  Probe  
  24  2:29  Pylon  
  25  2:41  Probe  
  26  2:47  Robotics Facility  
  26  2:50  Shield Battery  
  26  3:00  Probe  
  27  3:09  Probe  
  27  3:11  Gateway  
  28  3:17  Probe  
  28  3:18  Probe  
  29  3:26  Probe  
  30  3:30  Probe  
  30  3:33  Gateway  
  32  3:44  Immortal  
  32  3:46  Probe  
  37  4:03  Stalker  
  37  4:08  Stalker  
  41  4:16  Gateway  
  41  4:28  Stalker x2  
  45  4:32  Sentry  
  47  4:40  Gateway  
  47  4:42  Probe  
  48  4:46  Twilight Council  
  48  4:50  Warp Prism (Chrono Boost)  
  48  4:54  Probe  
  51  5:06  Probe, Stalker  
  54  5:13  Pylon  
  54  5:15  Pylon  
  54  5:37  Immortal  
  54  5:40  Blink  
  58  5:43  Gateway  
  58  5:47  Stalker x3  
  64  5:59  Probe  
  65  6:11  Probe  
  62  6:23  Probe  
  57  6:33  Stalker x5  
  57  6:35  Probe  
  66  6:47  Zealot  
  68  6:59  Zealot  
  70  7:22  Pylon  
  68  7:44  Pylon  
  68  7:47  Pylon  
  68  7:51  Pylon  
  68  7:54  Immortal  
  72  8:07  Nexus  
  70  8:19  Sentry x2  
  74  8:24  Zealot x3  
  74  8:25  Zealot  
  82  8:33  Immortal  
  82  9:13  Immortal  
  86  9:18  Robotics Facility x2  
  86  9:23  Assimilator  
  86  9:26  Assimilator  
  86  9:27  Probe (Chrono Boost)  
  86  9:28  Probe (Chrono Boost)  
  86  9:29  Probe (Chrono Boost)  
  89  9:34  Assimilator  
  89  9:41  Probe (Chrono Boost)  
  89  9:44  Probe (Chrono Boost)  
  89  9:45  Probe (Chrono Boost)  
  92  9:47  Probe (Chrono Boost)  
  92  9:51  Probe x2 (Chrono Boost)  
  92  9:52  Immortal  
  99  9:55  Probe  
  100  10:03  Probe x2  
  102  10:07  Probe  
  102  10:10  Pylon  
  102  10:11  Pylon  
  103  10:15  Probe x2  
  105  10:23  Stalker x4  
  105  10:24  Stalker  
  115  10:30  Forge x2  
  115  10:31  Immortal  
  119  10:45  Warp Prism  
  119  10:46  Stalker  
  123  10:56  Observer  
  124  10:58  Stalker x3  
  130  11:17  Observer  
  130  11:18  Pylon  
  131  11:20  Warp Prism  
  133  11:36  Immortal  
  137  11:55  Assimilator  
  137  12:04  Pylon  
  137  12:05  Nexus  
  137  12:06  Pylon x2  
  137  12:10  Pylon  
  137  12:13  Gateway  
  137  12:14  Gateway  
  137  12:15  Immortal  
  141  12:21  Gateway  
  141  12:23  Gateway  
  141  12:33  Stalker  
  141  12:34  Stalker x5  
  145  12:54  Immortal  
  145  12:57  Stalker x2  
  145  12:58  Stalker x3  
  149  13:00  Immortal x2  
  141  13:11  Stalker x2  
  141  13:12  Stalker  
  141  13:26  Stalker x5  
  137  13:33  Immortal  
  136  13:40  Immortal, Stalker x2  
  136  13:41  Stalker x2  
  120  14:06  Stalker x4  
  120  14:07  Stalker  
  130  14:16  Zealot x2  
  134  14:21  Protoss Ground Weapons Level 1 (Chrono Boost), Protoss Ground Armor Level 1 (Chrono Boost)  
  134  14:33  Pylon  
  102  14:56  Stalker x3  
  108  15:13  Pylon  
  107  15:37  Stalker x3  
  107  15:38  Stalker x2  
  107  15:41  Probe  
  118  15:53  Probe  
  117  16:05  Probe  
  118  16:18  Probe  
  109  16:30  Probe  
  102  16:42  Stalker x4  
  102  16:44  Immortal  
  102  16:45  Immortal x2  
  99  17:15  Stalker x5  
  103  17:16  Stalker  
  103  17:18  Probe  
  112  17:41  Stalker  
  84  18:09  Stalker  
  84  18:12  Zealot x6  
  69  18:37  Stalker  
  69  18:59  Probe  
  70  19:11  Probe  
  70  19:13  Protoss Ground Weapons Level 2 (Chrono Boost)  
  72  19:34  Shield Battery  
  72  19:36  Stalker, Shield Battery  
  72  19:37  Stalker x5  
  82  19:38  Shield Battery  
  82  19:39  Shield Battery  
  82  19:41  Shield Battery  
  81  19:52  Shield Battery  
  81  19:55  Shield Battery x2  
  81  19:57  Shield Battery  
  57  20:51  Stalker x2  
  57  20:53  Zealot  
  63  21:03  Nexus  
  56  22:14  Nexus  
  47  24:15  Pylon  
  45  25:07  Cybernetics Core  
  45  25:13  Assimilator  
  45  25:14  Assimilator  
  45  26:13  Pylon  
  45  26:18  Pylon  
  45  26:31  Immortal  
  44  27:01  Pylon  
  44  27:03  Pylon  
  44  27:19  Nexus  
  25  27:46  Zealot  
  25  27:47  Zealot  
  27  28:07  Nexus  
  26  28:20  Nexus  
Show
View Real Time Build Order
Export as new Build Order

ViBE Protoss - Winner!

Build Orders:  

Get SALT Encoding   

  12  0:01  Probe  
  13  0:13  Probe  
  14  0:22  Pylon  
  14  0:25  Probe  
  15  0:40  Probe  
  16  0:42  Gateway  
  16  0:49  Assimilator  
  16  0:52  Probe  
  18  1:04  Probe (Chrono Boost)  
  18  1:10  Assimilator  
  18  1:13  Probe (Chrono Boost)  
  19  1:18  Probe (Chrono Boost)  
  20  1:30  Probe, Cybernetics Core  
  21  1:36  Gateway  
  21  1:42  Probe (Chrono Boost), Pylon  
  23  1:54  Probe (Chrono Boost)  
  23  1:59  Probe (Chrono Boost)  
  24  2:08  Warp Gate, Stalker  
  24  2:09  Probe  
  27  2:21  Probe  
  28  2:32  Nexus  
  28  2:34  Probe  
  29  2:43  Pylon  
  29  2:47  Stalker  
  31  3:00  Pylon  
  31  3:02  Probe (Chrono Boost)  
  32  3:08  Stalker  
  34  3:14  Pylon  
  35  3:20  Probe (Chrono Boost)  
  35  3:21  Stalker  
  35  3:25  Probe (Chrono Boost)  
  38  3:37  Probe (Chrono Boost)  
  39  3:45  Probe (Chrono Boost)  
  40  3:54  Probe (Chrono Boost)  
  42  3:55  Probe (Chrono Boost), Robotics Facility  
  42  3:59  Stalker  
  42  4:00  Probe (Chrono Boost), Stalker  
  42  4:01  Probe (Chrono Boost)  
  48  4:06  Pylon  
  48  4:12  Probe (Chrono Boost)  
  48  4:13  Probe (Chrono Boost)  
  50  4:21  Pylon  
  50  4:22  Probe x2 (Chrono Boost)  
  52  4:26  Probe (Chrono Boost), Stalker  
  52  4:27  Probe (Chrono Boost)  
  52  4:28  Stalker  
  58  4:37  Probe  
  59  4:39  Probe  
  59  4:45  Nexus  
  60  4:50  Observer  
  60  4:52  Stalker  
  63  4:53  Probe x2  
  63  4:57  Stalker  
  67  5:01  Assimilator  
  67  5:05  Assimilator, Probe x2  
  69  5:07  Pylon  
  69  5:16  Immortal  
  69  5:18  Probe x2  
  75  5:24  Stalker  
  77  5:31  Stalker  
  79  5:36  Probe x2  
  81  5:48  Probe x2  
  83  5:55  Stalker x2  
  83  5:56  Immortal  
  91  5:59  Probe  
  91  6:00  Probe x2  
  91  6:03  Pylon  
  95  6:11  Probe  
  95  6:12  Probe x2  
  97  6:19  Gateway  
  97  6:20  Gateway  
  97  6:22  Gateway  
  97  6:23  Probe  
  97  6:24  Probe  
  97  6:25  Probe  
  98  6:35  Probe  
  98  6:36  Probe  
  98  6:38  Nexus  
  100  6:41  Probe  
  100  6:43  Assimilator  
  100  6:44  Assimilator, Stalker x2  
  103  6:47  Probe  
  103  6:48  Immortal  
  108  7:02  Pylon  
  108  7:06  Probe (Chrono Boost)  
  108  7:07  Probe x2 (Chrono Boost)  
  108  7:18  Probe (Chrono Boost)  
  108  7:19  Probe x2 (Chrono Boost)  
  108  7:22  Stalker x4  
  105  7:23  Stalker  
  105  7:26  Probe x3 (Chrono Boost)  
  105  7:28  Immortal  
  109  7:32  Probe  
  109  7:33  Probe x2  
  112  7:44  Probe  
  112  7:45  Probe x2  
  115  7:51  Probe  
  115  7:57  Probe x3, Pylon  
  119  7:59  Pylon  
  119  8:01  Stalker x3  
  119  8:02  Stalker x2  
  119  8:03  Probe  
  130  8:09  Probe x2  
  130  8:11  Probe  
  133  8:16  Probe, Pylon  
  133  8:18  Pylon  
  133  8:19  Pylon  
  134  8:21  Probe x2  
  134  8:23  Probe  
  137  8:28  Probe  
  138  8:37  Pylon  
  138  8:38  Probe x3, Nexus  
  138  8:40  Probe, Pylon  
  142  8:44  Pylon  
  142  8:47  Stalker  
  142  8:48  Stalker x2  
  146  8:52  Probe x3  
  146  8:54  Probe  
  148  9:04  Stalker x2  
  148  9:09  Probe  
  154  9:10  Probe  
  154  9:11  Probe  
  154  9:14  Probe  
  156  9:18  Stalker x2  
  156  9:19  Stalker  
  156  9:20  Immortal  
  156  9:21  Probe  
  156  9:22  Probe  
  168  9:32  Pylon  
  168  9:35  Forge  
  168  9:36  Forge  
  168  9:37  Pylon, Forge  
  168  9:39  Twilight Council  
  168  9:42  Stalker x4  
  168  9:44  Stalker  
  178  9:55  Assimilator  
  178  9:56  Assimilator  
  178  10:00  Unknown  
  178  10:03  Immortal  
  182  10:07  Stalker x2  
  182  10:08  Stalker x2  
  182  10:09  Stalker  
  192  10:16  Gateway  
  192  10:18  Gateway  
  192  10:19  Gateway  
  192  10:26  Gateway  
  192  10:28  Gateway x2  
  192  10:31  Gateway  
  192  10:32  Gateway  
  192  10:34  Gateway  
  192  10:36  Gateway  
  192  10:39  Gateway  
  192  10:43  Templar Archives  
  192  10:44  Protoss Ground Weapons Level 1 (Chrono Boost), Protoss Ground Armor Level 1 (Chrono Boost)  
  192  10:45  Protoss Shields Level 1 (Chrono Boost)  
  192  10:55  Photon Cannon  
  192  10:59  Photon Cannon x2  
  192  11:03  Photon Cannon  
  192  11:07  Photon Cannon  
  192  11:10  Photon Cannon  
  192  11:12  Photon Cannon  
  192  11:14  Photon Cannon  
  192  11:15  Photon Cannon x2  
  191  11:40  Probe x3  
  191  11:43  Stalker  
  191  11:44  Stalker x2  
  199  11:47  Observer  
  199  11:53  Robotics Facility  
  200  11:56  Robotics Facility  
  196  12:34  Robotics Facility  
  196  12:35  Robotics Facility  
  184  12:37  Robotics Facility, High Templar x5  
  184  12:38  High Templar x4  
  184  12:39  Nexus, High Templar x2, Cybernetics Core  
  194  12:50  Templar Archives  
  184  12:53  Gateway x2  
  184  12:55  Gateway  
  170  13:03  Pylon  
  164  13:06  Pylon  
  164  13:07  Archon x4  
  164  13:08  Archon  
  164  13:10  Pylon  
  137  13:22  Probe  
  137  13:23  Probe x2, Gateway x2  
  137  13:25  Gateway  
  137  13:26  Immortal (Chrono Boost)  
  137  13:27  Immortal x2 (Chrono Boost), Gateway  
  148  13:32  Gateway x2  
  139  13:34  Gateway  
  139  13:35  Gateway  
  139  13:38  Probe  
  139  13:39  Probe x2, Gateway  
  139  13:40  Probe  
  139  13:41  Gateway  
  139  13:43  Gateway  
  139  13:46  Gateway  
  135  13:48  High Templar x3  
  135  13:49  High Templar x3  
  135  13:50  Probe  
  135  13:51  Probe x2  
  135  13:52  Probe  
  135  13:54  Pylon  
  137  14:03  Immortal x3 (Chrono Boost)  
  137  14:05  Archon x3  
  139  14:19  Pylon  
  139  14:23  Probe x2  
  139  14:24  Probe x3  
  141  14:28  Stalker x2  
  141  14:29  Stalker x4  
  141  14:30  Stalker x5  
  159  14:33  Stalker  
  152  14:40  Probe x5  
  157  14:45  Immortal  
  157  14:48  Immortal  
  157  14:52  Probe x2  
  159  15:09  High Templar x3  
  159  15:11  High Templar x2  
  159  15:12  High Templar x4  
  159  15:13  High Templar  
  179  15:16  Pylon  
  179  15:17  Pylon  
  179  15:19  Pylon  
  179  15:23  Pylon  
  179  15:25  Pylon  
  176  15:30  Probe x3  
  176  15:31  Probe  
  166  15:38  High Templar x3  
  166  15:39  High Templar x2  
  166  15:41  Archon x2  
  166  15:42  Probe, Nexus, Archon x5  
  174  15:44  Archon  
  174  15:48  High Templar x4  
  174  15:49  High Templar x3  
  188  15:51  High Templar  
  188  15:53  Archon x2  
  188  15:54  Archon  
  188  15:55  Archon  
  187  16:06  Probe x3  
  190  16:18  Assimilator x2  
  182  16:21  Pylon  
  182  16:24  Pylon  
  178  16:27  Pylon  
  175  16:38  Probe x2, Nexus  
  175  16:39  Probe  
  170  16:50  Probe x2  
  170  16:51  Probe  
  169  17:02  Probe (Chrono Boost)  
  169  17:03  Probe x2 (Chrono Boost)  
  169  17:04  Probe (Chrono Boost)  
  169  17:08  Immortal  
  169  17:09  Immortal x2  
  169  17:11  High Templar  
  169  17:12  High Templar x5  
  169  17:13  Probe x4 (Chrono Boost), High Templar  
  199  17:20  Unknown  
  199  17:25  Archon  
  199  17:26  Archon x2  
  197  17:41  Forge x2  
  197  17:43  Forge  
  188  17:44  Probe x2 (Chrono Boost)  
  188  17:45  Probe (Chrono Boost)  
  188  17:46  Probe (Chrono Boost), Twilight Council  
  185  17:53  Observer x2  
  185  17:54  Probe x2 (Chrono Boost)  
  185  17:55  Probe x2 (Chrono Boost)  
  185  17:59  Probe x4 (Chrono Boost)  
  181  18:10  Probe x4  
  181  18:22  Probe x4, Nexus, Unknown  
  181  18:23  Pylon  
  181  18:25  Stalker x4  
  181  18:26  Stalker x3  
  181  18:27  Stalker x5  
  193  18:30  Stalker  
  189  18:34  Probe  
  186  18:47  Stalker x2  
  186  18:48  Stalker x3  
  192  18:49  Stalker x2  
  200  19:13  Photon Cannon  
  200  19:14  Photon Cannon  
  198  19:22  Pylon  
  196  19:25  Pylon  
  191  19:31  Robotics Facility x2  
  191  19:34  Robotics Facility  
  191  19:36  Twilight Council  
  191  19:37  Cybernetics Core  
  185  19:39  Probe x5  
  187  19:48  Gateway x2  
  187  19:51  Probe x4, Gateway  
  187  19:52  Gateway  
  189  19:54  Gateway  
  189  19:55  High Templar x3  
  189  19:56  Gateway, High Templar  
  189  19:57  Gateway  
  189  19:59  Gateway  
  189  20:01  Pylon  
  189  20:03  Probe x3  
  189  20:04  Probe  
  189  20:07  Archon x2  
  184  20:15  Probe  
  184  20:16  Probe x2  
  186  20:28  Probe, Nexus, Immortal  
  182  20:29  Pylon  
  182  20:30  Immortal  
  182  20:32  Probe  
  182  20:33  Probe  
  192  20:47  Assimilator  
  192  20:48  Assimilator  
  192  20:50  Probe x3  
  195  21:15  Pylon  
  195  21:20  Pylon  
  195  21:23  Pylon  
  195  21:49  Immortal  
  196  21:55  Probe  
  196  21:56  Probe x3  
  195  22:15  Unknown  
  191  22:25  Nexus  
  191  22:27  Pylon  
  191  22:29  Pylon  
  190  22:41  Pylon  
  190  22:42  Pylon  
  190  22:44  Pylon  
  190  22:46  Pylon  
  190  22:49  Pylon  
  188  22:54  Pylon  
  188  22:56  Pylon  
  176  22:59  Probe x2 (Chrono Boost)  
  176  23:01  Probe (Chrono Boost)  
  178  23:08  Immortal  
  178  23:10  Stalker  
  178  23:11  Probe x2 (Chrono Boost), Stalker  
  197  23:15  Probe (Chrono Boost)  
  197  23:17  Probe x2 (Chrono Boost)  
  191  23:25  Probe x2  
  192  23:37  Probe x2  
  192  23:39  Probe  
  195  23:49  Probe x2  
  195  23:51  Probe  
  195  23:52  Stalker  
  195  23:54  Nexus  
  195  23:55  Pylon  
  200  24:01  Probe  
  199  24:04  Forge  
  199  24:06  Forge  
  199  24:07  Forge  
  199  24:10  Templar Archives  
  193  24:17  Stalker  
  193  24:18  Stalker x2  
  191  24:50  Probe x3  
  189  25:02  Probe x3  
  192  25:14  Probe x2  
  194  26:19  Nexus  
  194  26:27  Pylon  
  194  26:35  Pylon  
  192  26:48  Probe x3  
  195  26:54  Assimilator x2  
  195  26:55  Photon Cannon  
  195  26:57  Photon Cannon  
  195  26:58  Protoss Ground Armor Level 2 (Chrono Boost), Protoss Shields Level 2 (Chrono Boost), Protoss Ground Weapons Level 2 (Chrono Boost)  
  195  26:59  Photon Cannon  
  195  27:00  Probe  
  195  27:01  Probe x2, Photon Cannon  
  198  27:02  Photon Cannon  
  198  27:04  Photon Cannon  
  198  27:12  Probe  
  198  27:13  Probe x2  
  199  27:43  Probe  
  200  28:02  Pylon  
  200  28:05  Pylon  
  200  28:07  Pylon  
Tags
 
Add a new tag
Caveats
  • Supply blocks, unpowered buildings, or Contaminate may cause inaccurate times.
  • Supply counts are checked every 10 seconds.